 Dungeon Crawl Stone Soup version 0.21.0-24-g2553a33 (webtiles) character file.

1132 Miyamura the Insei (level 8, -1/66 HPs)
             Began as a Grey Draconian Transmuter on Jan 19, 2018.
             Was a Follower of Uskayaw.
             Splashed by a jelly's acid (8 damage)
             ... on level 4 of the Dungeon.
             The game lasted 00:16:46 (6621 turns).

Miyamura the Insei (Grey Draconian Transmuter)      Turns: 6621, Time: 00:16:47

Health: -1/66      AC: -5    Str: 12    XL:     8   Next: 13%
Magic:  13/13      EV: 14    Int: 14    God:    Uskayaw [*.....]
Gold:   270        SH:  0    Dex: 14    Spells: 4/14 levels left

rFire    . . .     SeeInvis .     - Unarmed
rCold    . . .     Gourm    .   (no shield)
rNeg     . . .     Faith    .   (armour unavailable)
rPois    .         Spirit   .   (helmet restricted)
rElec    .         Reflect  .   (no cloak)
rCorr    .         Harm     .   (no gloves)
MR       .....                  (no boots)
Stlth    ++........             (no amulet)
HPRegen  0.21/turn              l - ring of wizardry (curse)
MPRegen  0.13/turn              (no ring)

@: corroded
A: walk through water, unfitting armour, unbreathing, cold-blooded, AC +11
a: Stomp, Renounce Religion


You were on level 4 of the Dungeon.
You worshipped Uskayaw.
Uskayaw was noncommittal.
You were not hungry.

You visited 1 branch of the dungeon, and saw 5 of its levels.

You collected 270 gold pieces.

Inventory:

Missiles
 f - 8 javelins of penetration (quivered)
 h - 2 throwing nets
 o - 15 poisoned needles
 s - 3 needles of confusion
 x - 30 arrows
Jewellery
 l - a cursed ring of wizardry (left hand)
Scrolls
 a - a scroll of remove curse
 g - a scroll of amnesia {unknown}
 k - a scroll of blinking {unknown}
 m - a scroll of enchant weapon {unknown}
 n - 2 scrolls of enchant armour {unknown}
 p - a scroll of random uselessness {unknown}
 q - a scroll of identify
 t - 2 scrolls of teleportation {unknown}
Potions
 e - a potion of curing
 i - 2 potions of haste
 j - a potion of invisibility {unknown}
 r - a potion of lignification
 u - a potion of flight {unknown}
 v - a potion of mutation {unknown}
 w - a potion of resistance {unknown}
Books
 b - a book of Changes

   Spells                             Type                      Level
   a - Beastly Appendage              Transmutation                1
   b - Sticks to Snakes               Transmutation                2
   c - Spider Form                    Transmutation/Poison         3
   d - Ice Form                       Ice/Transmutation            4
   e - Blade Hands                    Transmutation                5
 y - a book of Misfortune

   Spells                             Type                      Level
   a - Confusing Touch                Hexes                        1
   b - Confuse                        Hexes                        3
   c - Gell's Gravitas                Translocation                3
   d - Petrify                        Transmutation/Earth          4
   e - Metabolic Englaciation         Hexes/Ice                    5
   f - Yara's Violent Unravelling     Hexes/Transmutation          5
Comestibles
 c - 8 rations
 d - 4 chunks of flesh


   Skills:
 + Level 4.1 Fighting
 + Level 3.7 Dodging
 + Level 3.6 Stealth
 + Level 4.7 Unarmed Combat
 + Level 3.8 Spellcasting
 + Level 4.0 Transmutations
 + Level 3.2 Invocations


You had 4 spell levels left.
You knew the following spells:

 Your Spells              Type           Power        Failure   Level  Hunger
a - Beastly Appendage     Tmut           ##....       1%          1    None
b - Ice Form              Ice/Tmut       #.......     32%         4    ####...
s - Spider Form           Tmut/Pois      #.........   11%         3    ###....
t - Sticks to Snakes      Tmut           ##......     2%          2    ##.....


Dungeon Overview and Level Annotations

Branches:
Dungeon (5/15)
 Temple: D:4-7

Altars:
Ashenzari
Fedhas
Qazlal
Uskayaw
Xom
The Shining One


Innate Abilities, Weirdness & Mutations

You can walk through water.
Your dull iron-grey scales are very hard. (AC +11)
You cannot fit into any form of body armour.
You can survive without breathing.
You are cold-blooded and may be slowed by cold attacks.


Message History

There is a stone staircase leading up here.
The jelly closely misses you.
You climb upwards.
There is a stone staircase leading down here.
You hit the jelly but do no damage.
Your hands burn!
Your tail-slap misses the jelly.
The jelly is heavily wounded.
The jelly hits you.
You are splashed with acid!
The acid burns!
You hit the jelly but do no damage.
Your hands burn!
You tail-slap the jelly, but do no damage.
The jelly is heavily wounded.
You hit the jelly but do no damage.
Your hands burn!
The jelly is heavily wounded.
The jelly hits you.
You are splashed with acid!
The acid burns!
You barely miss the jelly. You punch the jelly, but do no damage.
The jelly is heavily wounded.
The jelly hits you.
You are splashed with acid!
The acid burns!
The jelly hits you. The acid corrodes you!
You are splashed with acid!
The acid burns!
You die...

.#####..# #..........# #.#
.# #..# ###.###.#### #.# .#
#..# #.# #.# #.# .# #..#
#####.###.# #>#
.#####..###.........# #.#
.#............).##########.#
............##### #.......#
##.###(.############.#######
...###..........@J...#
........##############
#########


You could see a jelly.

Vanquished Creatures
  Grinder (D:4)
  Sigmund (D:3)
  A phantom (D:5)
  A scorpion (D:4)
  A vampire bat (D:5)
  A crimson imp (D:4)
  2 hounds
  2 orc wizards (D:4)
  A gnoll shaman (D:4)
  Terence (D:3)
  3 worker ants
  8 gnolls
  A worker ant zombie (D:5)
  2 adders
  3 oozes
  5 worms
  5 dart slugs
  3 fire bats (D:5)
  3 leopard geckos
  12 orcs
  2 spectral bats (D:5)
  2 bat skeletons (D:5)
  A bat zombie (D:5)
  4 giant cockroaches
  5 goblins
  11 hobgoblins
  4 jackals (D:4)
  2 quokkas
  A ball python (D:1)
  16 bats
  A bat simulacrum (D:5)
  6 frilled lizards
  2 goblin skeletons (D:4)
  2 hobgoblin zombies (D:4)
  6 kobolds
  A leopard gecko skeleton (D:4)
  An orc zombie (D:4)
  7 rats
131 creatures vanquished.

Vanquished Creatures (collateral kills)
  2 adders (D:2)
  A worm (D:2)
3 creatures vanquished.

Vanquished Creatures (others)
  The ghost of tidbits the Firebug, an amateur GnFE (D:4)
1 creature vanquished.

Grand Total: 135 creatures vanquished

Notes
Turn   | Place    | Note
-------+----------+-------------------------------------------
     0 | D:1      | Miyamura the Draconian Transmuter began the quest for the Orb.
     0 | D:1      | Reached XP level 1. HP: 16/16 MP: 3/3
   181 | D:1      | Reached XP level 2. HP: 23/23 MP: 5/5
   197 | D:1      | Learned a level 2 spell: Sticks to Snakes
   579 | D:1      | Reached XP level 3. HP: 25/28 MP: 6/6
  1027 | D:2      | Reached skill level 1 in Stealth
  1781 | D:2      | Found a hide-covered altar of Uskayaw.
  1801 | D:2      | Reached XP level 4. HP: 33/36 MP: 2/7
  1994 | D:2      | Became a worshipper of Uskayaw the Reveler
  2353 | D:2      | Reached * piety under Uskayaw
  2542 | D:3      | Reached ** piety under Uskayaw
  2686 | D:3      | Reached *** piety under Uskayaw
  2908 | D:3      | Noticed Sigmund
  3021 | D:3      | Reached XP level 5. HP: 39/41 MP: 8/8
  3209 | D:3      | Noticed Terence
  3224 | D:3      | Killed Terence
  3511 | D:3      | Learned a level 3 spell: Spider Form
  3806 | D:3      | Killed Sigmund
  3806 | D:3      | Reached skill level 1 in Invocations
  3806 | D:3      | Reached XP level 6. HP: 22/50 MP: 10/10
  4582 | D:4      | Killed tidbits's ghost
  4664 | D:4      | Found a shimmering altar of Xom.
  4665 | D:4      | Found a stormy altar of Qazlal.
  4668 | D:4      | Found a blossoming altar of Fedhas.
  4668 | D:4      | Found a shattered altar of Ashenzari.
  4915 | D:4      | Noticed Grinder
  4942 | D:4      | Paralysed by Grinder for 6 turns
  4960 | D:4      | Paralysed by Grinder for 5 turns
  4971 | D:4      | Killed Grinder
  4971 | D:4      | Your scales start taking on a dull iron-grey colour.
  4971 | D:4      | Reached XP level 7. HP: 57/57 MP: 10/12
  4971 | D:4      | Gained mutation: You can survive without breathing. [Grey Draconian growth]
  5254 | D:4      | Found a glowing golden altar of the Shining One.
  5321 | D:4      | Learned a level 4 spell: Ice Form
  5483 | D:4      | Reached **** piety under Uskayaw
  5842 | D:5      | Entered Level 5 of the Dungeon
  6182 | D:5      | Reached XP level 8. HP: 50/66 MP: 11/13
  6438 | D:5      | Reached ***** piety under Uskayaw
  6621 | D:4      | Splashed by a jelly's acid

Skill      XL: |  1  2  3  4  5  6  7  8 |
---------------+-------------------------+-----
Dodging        | 2 3 |  3.7
Stealth        | 1 2 3 |  3.6
Fighting       | 2 3 4 |  4.1
Spellcasting   | 3 |  3.8
Transmutations | 3 4 |  4.0
Invocations    | 1 2 3 |  3.2
Unarmed Combat | 4 |  4.7

Action                   |  1- 3 |  4- 6 |  7- 9 || total
-------------------------+-------+-------+-------++-------
Melee: Unarmed           |   157 |   211 |   209 ||   577
       Tailslap          |    13 |    25 |    15 ||    53
       Kick              |     2 |    10 |       ||    12
       Headbutt          |     2 |     2 |       ||     4
       Punch             |     2 |     4 |     4 ||    10
Throw: Javelin           |       |     2 |       ||     2
 Cast: Beastly Appendage |     7 |     4 |       ||    11
       Sticks to Snakes  |     7 |     5 |       ||    12
       Spider Form       |       |     7 |     7 ||    14
Invok: Stomp             |       |     1 |       ||     1
  Use: Scroll            |     1 |     2 |       ||     3
       Potion            |       |     2 |       ||     2
 Stab: Paralysed         |       |     3 |     4 ||     7
       Sleeping          |       |     1 |     2 ||     3
  Eat: Chunk             |     4 |    11 |     7 ||    22
Armor: Skin              |    51 |    48 |    85 ||   184
Dodge: Dodged            |   111 |   129 |   199 ||   439
